 Dungeon Crawl Stone Soup version 0.20.0-15-g7f486f2 (webtiles) character file.

94 MTVSty1e the Cudgeler (level 4, -1/28 HPs)
             Began as a Gargoyle Fighter on June 9, 2017.
             Killed by divine providence
             ... invoked by an orc priest
              (11 damage)
             ... on level 3 of the Dungeon.
             The game lasted 00:02:52 (1882 turns).

MTVSty1e the Cudgeler (Gargoyle Fighter)            Turns: 1882, Time: 00:02:53

Health: -1/28      AC: 10    Str: 21    XL:     4   Next: 63%
Magic:  4/4        EV:  7    Int:  8    God:
Gold:   64         SH:  9    Dex:  9    Spells: 3/3 levels left

rFire    . . .     SeeInvis .   a - +0 flail
rCold    . . .     Gourm    +   c - +0 shield
rNeg     + . .     Faith    .   b - +0 scale mail
rPois    ∞         Spirit   .   (no helmet)
rElec    +         Reflect  .   (no cloak)
rCorr    .         Harm     .   (no gloves)
MR       .....                  (no boots)
Stlth    ..........             u - amulet of the gourmand
Regen    0.1/turn               x - ring of wizardry
MPRegen  0.1/turn               (no ring)

@: no status effects
A: negative energy resistance 1, electricity resistance, unbreathing,
petrification resistance, rot immunity, AC +3
a: no special abilities


You were on level 3 of the Dungeon.
You were not hungry.

You visited 1 branch of the dungeon, and saw 3 of its levels.

You collected 64 gold pieces.

Inventory:

Hand Weapons
 a - a +0 flail (weapon)
 o - a +0 whip of flaming
Armour
 b - a +0 scale mail (worn)
 c - a +0 shield (worn)
Jewellery
 u - an amulet of the gourmand (around neck)
 x - a ring of wizardry (left hand)
Wands
 s - a wand of digging (16/24)
Scrolls
 g - 7 scrolls of identify {unknown}
 i - 2 scrolls of teleportation {unknown}
 j - a scroll of noise {unknown}
 k - a scroll of enchant weapon {unknown}
 m - a scroll of immolation {unknown}
 p - a scroll of recharging {unknown}
 r - a scroll of fear {unknown}
 t - a scroll of amnesia {unknown}
Potions
 d - a potion of might
 e - 2 potions of invisibility {unknown}
 l - a potion of brilliance {unknown}
 n - 2 potions of curing {unknown}
 v - a potion of resistance {unknown}
 w - a potion of berserk rage {unknown}
Comestibles
 f - 2 bread rations
 h - 2 royal jellies
 q - 2 meat rations


   Skills:
 - Level 3.2 Fighting
 + Level 4.7 Maces & Flails
 - Level 3.2 Armour
 - Level 3.2 Shields


You had 3 spell levels left.
You didn't know any spells.

Dungeon Overview and Level Annotations

Branches:
Dungeon (3/15)

Altars:
Ru


Innate Abilities, Weirdness & Mutations

You are resistant to torment.
Your stone body is resilient. (AC +3)
You are immune to poison.
You resist negative energy. (rN+)
You are resistant to electric shocks. (rElec)
You can survive without breathing.
You are immune to petrification.
You are immune to rotting.


Message History

No target in view!
x - a ring of wizardry (left hand)
e - 2 metallic orange potions (gained 1)
You see here 17 stones.
Found a robe. 2 orcs and an orc priest come into view.
The orc shouts! x2; The orc priest shouts!
There are monsters nearby!
An orc priest comes into view. It is wielding a short sword.
The orc priest shouts!
There are monsters nearby!
Your shield and scale mail prevent you from hitting the orc priest.
The orc priest mumbles some strange prayers to Beogh against you.
Beogh smites you!
You barely miss the orc priest. The orc closely misses you.
The orc priest invokes the aid of Beogh against you.
Beogh smites you!
The orc priest invokes the aid of Beogh against you.
Beogh smites you!
You die...

........#.#####))#
#..# #.#...#.....
#..###.....#†#...
#...(....#...#...
#..########.###.#
#.## #.# #.#
#.####### #.# #.#
#####....[... ..# .#
#.oo@........ ..#
..o...o..#####......
.....!#### ##.#
...... #####


You could see 2 orc priests and 2 orcs.

Vanquished Creatures
  An adder (D:3)
  An ooze (D:1)
  4 worms
  2 dart slugs (D:1)
  A leopard gecko (D:2)
  7 bats
  4 giant cockroaches
  6 goblins
  9 hobgoblins
  2 jackals (D:3)
  10 kobolds
  A quokka (D:1)
  A ball python (D:1)
  7 frilled lizards
  6 rats
62 creatures vanquished.

Notes
Turn   | Place    | Note
-------+----------+-------------------------------------------
     0 | D:1      | MTVSty1e the Gargoyle Fighter began the quest for the Orb.
     0 | D:1      | Reached XP level 1. HP: 14/14 MP: 1/1
   311 | D:1      | Reached XP level 2. HP: 19/19 MP: 2/2
   356 | D:1      | Reached skill level 3 in Maces & Flails
   577 | D:1      | Reached XP level 3. HP: 23/23 MP: 3/3
  1034 | D:2      | Reached skill level 4 in Maces & Flails
  1201 | D:2      | Reached XP level 4. HP: 28/28 MP: 4/4
  1700 | D:2      | Found a sacrificial altar of Ru.
  1882 | D:3      | Killed from afar by an orc priest

Skill      XL: |  1  2  3 |
---------------+----------+-----
Maces & Flails | 3 4 |  4.7
Fighting       | |  3.2
Armour         | |  3.2
Shields        | |  3.2

Action                   |  1- 3 |  4- 6 || total
-------------------------+-------+-------++-------
Melee: Flail             |   100 |    79 ||   179
       Whip              |    67 |       ||    67
  Eat: Fruit             |     1 |       ||     1
       Chunk             |       |     4 ||     4
Armor: Scale mail        |    86 |    29 ||   115
Dodge: Dodged            |    40 |    22 ||    62
Block: Shield            |    85 |    26 ||   111
